 Dungeon Crawl Stone Soup version 0.31-a0-876-gfe8ebadbca (webtiles) character file.

Game seed: 1940511527546489733

74 kae the Vexing (level 4, -9/33 HPs)
             Began as a Demonspawn Enchanter on Oct 13, 2023.
             Killed by divine providence
             ... invoked by an orc priest
              (12 damage)
             ... on level 3 of the Dungeon.
             The game lasted 00:01:41 (1648 turns).

kae the Vexing (Demonspawn Enchanter)               Turns: 1648, Time: 00:01:42

Health: -9/33      AC:  4    Str:  8    XL:     4   Next: 9%
Magic:  7/7        EV: 12    Int: 18    God:
Gold:   82         SH:  0    Dex: 14    Spells: 2/7 levels left

rFire   . . .        i - +1 dagger (drain)
rCold   . . .        (no shield)
rNeg    . . .        b - +0 robe
rPois   .            (no helmet)
rElec   .            (no cloak)
rCorr   .            (no gloves)
SInv    .            (no boots)
Will    .....        (no amulet)
Stlth   ++           (no ring)
HPRegen 0.25/turn    (no ring)
MPRegen 0.10/turn

%: no passive effects
@: no status effects
A: rugged brown scales 2
a: no special abilities


You were on level 3 of the Dungeon.
You visited 1 branch of the dungeon, and saw 3 of its levels.

You collected 82 gold pieces.


Innate Abilities, Weirdness & Mutations

You are mostly covered in rugged brown scales. (AC +2, +5% HP)


   Skills:
 + Level 1.0 Fighting
 * Level 1.7 Short Blades
 + Level 2.0 Dodging
 + Level 3.0 Stealth
 + Level 2.3 Spellcasting
 * Level 3.5 Hexes
 + Level 0.4 Ice Magic


You had 2 spell levels left.
You knew the following spells:

 Your Spells              Type           Power      Damage    Failure   Level
a - Ensorcelled Hibernat  Hex/Ice        18%        N/A       12%         2
b - Confusing Touch       Hex            14%        N/A       12%         3

Your spell library contained the following spells:

 Spells                   Type           Power      Damage    Failure   Level
 Tukima's Dance           Hex            14%        N/A       12%         3
 Dazzling Flash           Conj/Hex       16%        N/A       26%         3
 Brom's Barrelling Bould  Conj/Erth      2%         2d3       86%         4
 Fireball                 Conj/Fire      1%         3d3       99%         5
 Iskenderun's Battlesphe  Conj           2%         2d6       99%         5
 Conjure Ball Lightning   Conj/Air       1%         3x3d6     100%        6
 Orb of Destruction       Conj           1%         9d5       100%        7

Inventory:

Hand Weapons
 a - a +1 dagger
 i - a +1 dagger of draining (weapon)
   (You took it off a goblin on level 1 of the Dungeon)
Missiles
 d - 17 stones
Armour
 b - a +0 robe (worn)
Scrolls
 f - a scroll of amnesia {unknown}
 g - 3 scrolls of identify {unknown}
 j - 2 scrolls of immolation {unknown}
 k - a scroll of poison {unknown}
 l - 2 scrolls of noise {unknown}
 m - a scroll of vulnerability {unknown}
 p - a scroll of fog {unknown}
Potions
 c - 2 potions of invisibility
 e - 3 potions of curing {unknown}
 h - 3 potions of heal wounds {unknown}
 n - 2 potions of cancellation {unknown}
 o - a potion of mutation {unknown}

Dungeon Overview and Level Annotations

Branches:
Dungeon (3/15) Zot: 16363

Altars:

Shops:
D:2

( ## ##### ###.
....##### #S. o
#......# #.# ..
#......###.# .o.
#......##..# ..##
#...@..##.####.....
#......##.##....#
#.......o....#
#.........##...#
#........## .###
#........# .#
#........# ##
#..<.....#
#...)....#


You could see an orc priest.


Message History

Done exploring.
Done exploring.
No target in view!
No target in view!
Done exploring.
Done exploring.
No target in view!
No target in view!
Search for what [? for help]? shop
There is an open door here.
There is an entrance to Voer's Antique Weapon Shop here.
Done exploring.
Done exploring.
Search for what [Enter for "shop", or ? for help]?
Unknown command.
There is an open door here.
You see here a +0 leather armour.
There is a stone staircase leading up here.
There is a stone staircase leading down here.
You climb downwards.
The orc shouts!
The endoplasm quivers.
Found a scroll labelled ZUNLAQA HOLLU and 9 gold pieces.
Found a stone staircase leading up.
There is a stone staircase leading up here.
There are monsters nearby!
Okay, then.
The endoplasm hits you but does no damage.
You hit the endoplasm. You hit the endoplasm. You drain the endoplasm.
The endoplasm freezes you.
You are frozen.
You hit the endoplasm.
You kill the endoplasm! 😕 HP[-2]
You take 2 damage, and now have 31/33 hp.
The giant cockroach bites you but does no damage.
You closely miss the giant cockroach.
The giant cockroach barely misses you. 😕 HP[+1]
You hit the giant cockroach but do no damage.
The giant cockroach bites you but does no damage.
A rat comes into view.
You hit the orc but do no damage.
The giant cockroach bites you but does no damage.
The orc misses you.
You hit the orc but do no damage. You drain the orc.
The giant cockroach barely misses you. The orc closely misses you.
You hit the orc but do no damage. You drain the orc.
The giant cockroach barely misses you. The orc closely misses you.
The giant cockroach bites you but does no damage.
You hit the orc but do no damage. You drain the orc.
You kill the orc!
The giant cockroach bites you but does no damage.
You hit the giant cockroach but do no damage.
The giant cockroach misses you. 😎 HP[+1]
Your hp is fully restored (33).
You hit the giant cockroach. You drain the giant cockroach.
The giant cockroach bites you.
You closely miss the giant cockroach. The giant cockroach barely misses you.
The rat barely misses you. 😕 HP[-1]
You take 1 damage, and now have 32/33 hp.
You hit the giant cockroach.
You kill the giant cockroach!
You hit the rat but do no damage. You drain the rat.
You kill the rat! 😎 HP[+1]
Your hp is fully restored (33).
No target in view!
No target in view!
No target in view!
No target in view!
p - a scroll labelled ZUNLAQA HOLLU You now have 82 gold pieces (gained 9).
An orc priest comes into view. It is wielding a +0 hand axe.
The orc priest shouts!
An orc comes into view. It is wielding a +0 short sword.
There are monsters nearby!
Unknown command.
Unknown command.
You start waiting.
A ball python comes into view.
The orc priest calls down the wrath of Beogh upon you.
Pain shoots through your body! 😮 HP[-14]
You take 14 damage, and now have 19/33 hp.
MASSIVE DAMAGE!! (PAUSE) Unknown command.
The orc priest invokes the aid of Beogh against you.
Beogh smites you!
Ouch! That really hurt!
* * * LOW HITPOINT WARNING * * *
😱 HP[-17]
You take 17 damage, and now have 2/33 hp.
MASSIVE DAMAGE!! (PAUSE) 😱 HP[+1]
The orc priest invokes the aid of Beogh against you.
Beogh smites you!
You die...

Skill      XL: |  1  2  3 |
---------------+----------+-----
Short Blades   | 1 |  1.7
Dodging        | 2 |  2.0
Stealth        | 3 |  3.0
Fighting       | 1 |  1.0
Spellcasting   | |  2.3
Hexes          | |  3.5
Ice Magic      | |  0.4

Action                     |  1- 3 |  4- 6 || total
---------------------------+-------+-------++-------
  Melee: Dagger            |   168 |    18 ||   186
   Cast: Ensorcelled Hiber |     8 |       ||     8
   Stab: Sleeping          |     7 |       ||     7
 Armour: Robe              |   107 |    10 ||   117
  Dodge: Dodged            |   133 |    15 ||   148

Levels and vault maps discovered:
D:1:      dreamdust_arrival_sigmund_warning, layout_basic
D:2:      layout_loops_ring, serial_shops, nicolae_shop_rolling_square
D:3:      layout_rooms, hellmonk_ecumenical_altar_zigzags, minmay_cut_off,
          uniq_robin

Notes
Turn   | Place    | Note
-------+----------+-------------------------------------------
     0 | D:1      | kae the Demonspawn Enchanter began the quest for the Orb.
     0 | D:1      | Reached XP level 1. HP: 13/13 MP: 3/3
     0 | D:1      | magus.rc [v1.11.3]
    21 | D:1      | Reached skill level 1 in Short Blades
    38 | D:1      | HP: 3/13 [ball python (3)]
    48 | D:1      | HP: 3/13 [constriction (1)]
   119 | D:1      | Gained mutation: You are partially covered in rugged brown
                  | scales. (AC +1, +3% HP) [demonic ancestry]
   119 | D:1      | Reached XP level 2. HP: 9/20 MP: 5/5
   138 | D:1      | Learned a level 2 spell: Ensorcelled Hibernation
   709 | D:2      | Reached skill level 2 in Dodging
   709 | D:2      | Reached XP level 3. HP: 25/25 MP: 1/6
   713 | D:2      | Learned a level 3 spell: Confusing Touch
   936 | D:2      | Reached skill level 3 in Stealth
   998 | D:2      | Found Voer's Antique Weapon Shop.
  1046 | D:2      | You pick up a book of the Spheres and begin reading...
  1046 | D:2      | You add the spells Brom's Barrelling Boulder, Iskenderun's
                  | Battlesphere, Fireball, Conjure Ball Lightning and Orb of
                  | Destruction to your library.
  1057 | D:2      | Reached skill level 1 in Fighting
  1315 | D:2      | Gained mutation: You are mostly covered in rugged brown
                  | scales. (AC +2, +5% HP) [demonic ancestry]
  1315 | D:2      | Reached XP level 4. HP: 26/33 MP: 7/7
  1645 | D:3      | HP: 2/33 [orc priest/divine providence (17)]
  1648 | D:3      | Killed from afar by an orc priest

Vanquished Creatures
  2 adders (D:2)
  2 worms (D:2)
  An orc (D:3)
  2 endoplasms
  2 giant cockroaches
  7 goblins
  6 hobgoblins
  A quokka (D:2)
  5 ball pythons
  7 bats
  2 frilled lizards
  5 kobolds
  9 rats
51 creatures vanquished.

Table legend:
 A = Non-vault XP
 B = Vault XP
 C = Vault XP percentage of total XP
 D = Non-vault monster count
 E = Vault monster count
 F = Vault count percentage of total count
                 A         B        C        D         E       F
            +---------+---------+-------+---------+---------+-------
      Total |     106 |       0 |   0.0 |      51 |       0 |   0.0
            +---------+---------+-------+---------+---------+-------
        D:1 |      39 |       0 |   0.0 |      27 |       0 |   0.0
        D:2 |      59 |       0 |   0.0 |      20 |       0 |   0.0
        D:3 |       8 |       0 |   0.0 |       4 |       0 |   0.0
            +---------+---------+-------+---------+---------+-------

Skill      XL: |  1  2  3 |
---------------+----------+-----
Short Blades   | 1 |  1.7
Dodging        | 2 |  2.0
Stealth        | 3 |  3.0
Fighting       | 1 |  1.0
Spellcasting   | |  2.3
Hexes          | |  3.5
Ice Magic      | |  0.4

Action                     |  1- 3 |  4- 6 || total
---------------------------+-------+-------++-------
  Melee: Dagger            |   168 |    18 ||   186
   Cast: Ensorcelled Hiber |     8 |       ||     8
   Stab: Sleeping          |     7 |       ||     7
 Armour: Robe              |   107 |    10 ||   117
  Dodge: Dodged            |   133 |    15 ||   148

Illustrated notes

Table legend:
 A = Kills in this place as a percentage of kills in the entire game.
 B = Kills by you in this place as a percentage of kills by you in the entire game.
 C = Kills by friends in this place as a percentage of kills by friends in the entire game.
 D = Other kills in this place as a percentage of other kills in the entire game.
 E = Experience gained in this place as a percentage of experience gained in the entire game.
 F = Experience gained in this place divided by the number of levels of this place that you have seen.
                   A       B       C       D       E      F
               +-------+-------+-------+-------+-------+----------------------
         Total | 100.0 | 100.0 |   N/A |   N/A | 100.0 |  35.3
       Dungeon | 100.0 | 100.0 |   N/A |   N/A | 100.0 |  35.3
               +-------+-------+-------+-------+-------+----------------------

Table legend: (Time is in decaauts)
 A = Elapsed time spent in this place.
 B = Non-inter-level travel time spent in this place.
 C = Inter-level travel time spent in this place.
 D = Time resting spent in this place.
 E = Time spent auto-exploring this place.
 F = Levels seen in this place.
 G = Mean time per level.
                   A        B        C        D        E       F      G
               +--------+--------+--------+--------+--------+-----+--------+
         Total |   1635 |   1555 |     80 |     33 |   1147 |   3 |  545.0 |
       Dungeon |   1635 |   1555 |     80 |     33 |   1147 |   3 |  545.0 |
               +--------+--------+--------+--------+--------+-----+--------+

Top non-repeatable levels by time:
     D:2: 897 daAuts
     D:1: 694 daAuts
     D:3: 43 daAuts
